 Dungeon Crawl Stone Soup version 0.22.1-1-ga44c0e56f4 (webtiles) character file.

32 Alido the Vexing (level 3, -1/28 HPs)
             Began as a Centaur Arcane Marksman on Oct 16, 2018.
             Was a Follower of Fedhas.
             Slain by an adder (3 damage)
             ... on level 1 of the Dungeon.
             The game lasted 00:20:13 (1961 turns).

Alido the Vexing (Centaur Arcane Marksman)          Turns: 1961, Time: 00:20:14

Health: -1/28      AC:  4    Str: 12    XL:     3   Next: 8%
Magic:  4/4        EV:  9    Int: 12    God:    Fedhas [*.....]
Gold:   77         SH:  0    Dex: 10    Spells: 1/4 levels left

rFire    . . .     SeeInvis .   c - +0 club
rCold    . . .     Gourm    .   (no shield)
rNeg     . . .     Faith    .   k - +0 leather armour
rPois    .         Spirit   .   (no helmet)
rElec    .         Reflect  .   (no cloak)
rCorr    .         Harm     .   (no gloves)
MR       .....                  (no barding)
Stlth    +.........             (no amulet)
HPRegen  0.09/turn              (no ring)
MPRegen  0.09/turn              (no ring)

@: lethally poisoned (-1 -> -6), hasted, very quick
A: large, hooves 3, deformed body, speed 2, tough skin 3
a: Fungal Bloom, Sunlight, Renounce Religion


You were on level 1 of the Dungeon.
You worshipped Fedhas.
Fedhas was aware of your devotion.
You were not hungry.

You visited 1 branch of the dungeon, and saw 2 of its levels.

You collected 77 gold pieces.

Inventory:

Hand Weapons
 a - a +0 shortbow
 c - a +0 club (weapon)
 l - a +0 dagger
Missiles
 d - 13 arrows
Armour
 e - a +0 robe
 k - a +0 leather armour (worn)
Scrolls
 b - a scroll of random uselessness {unknown}
 g - 2 scrolls of remove curse {unknown}
 h - 2 scrolls of identify {unknown}
 i - 3 scrolls of teleportation {unknown}
 m - a scroll of amnesia {unknown}
Potions
 n - a potion of invisibility {unknown}
 o - a potion of brilliance {unknown}
Comestibles
 f - 2 rations


   Skills:
 + Level 1.0 Fighting
 + Level 0.5 Short Blades
 + Level 0.6 Maces & Flails
 + Level 3.0 Bows
 + Level 0.1 Armour
 + Level 1.5 Dodging
 + Level 0.1 Stealth
 + Level 1.0 Spellcasting
 + Level 3.2 Hexes


You had one spell level left.
You knew the following spells:

 Your Spells              Type           Power        Failure   Level  Hunger
a - Corona                Hex            #......      10%         1    ##.....
b - Slow                  Hex            #.......     16%         2    ###....

Your spell library contained the following spells:

 Spells                   Type           Power        Failure   Level  Hunger
 Inner Flame              Hex/Fire       #.......     52%         3    ####...
 Portal Projectile        Hex/Tloc       #.....       52%         3    ####...
 Cause Fear               Hex            #.........   69%         4    #####..
 Leda's Liquefaction      Hex/Erth       #.........   89%         4    #####..


Dungeon Overview and Level Annotations

Branches:
Dungeon (2/15)

Altars:
Fedhas


Innate Abilities, Weirdness & Mutations

You have hooves in place of feet.
Armour fits poorly on your strangely shaped body.
You cover ground very quickly.
You have extremely tough skin. (AC +3)


Message History

* * * LOW HITPOINT WARNING * * *
You feel sick. The bat hits you but does no damage.
The adder closely misses you. The bat barely misses you.
* * * LOW HITPOINT WARNING * * *
You feel sick. The bat hits you but does no damage. The bat barely misses you.
The bat hits you but does no damage. The bat hits you but does no damage.
* * * LOW HITPOINT WARNING * * *
You feel sick. The bat barely misses you.
There is a stone staircase leading up here.
The adder bites you but does no damage.
You climb upwards.
Fedhas's fungi set to work.
Fedhas appreciates ongoing decay. x4
* * * LOW HITPOINT WARNING * * *
You feel sick.
There is a stone staircase leading down here.
It was a potion of haste.
You feel yourself speed up. The adder bites you.
You die...
Fedhas appreciates your contribution to the ecosystem.

........#.##.#.#.####
........#.##.#.#.#
........#.##.#.#.#
.#.#.####.##.#.#.#
.#.#.# #.##.#.#.#
##.#.####.##.#.#.#
...#......##.#.#.#
############.#.#S#
#.....#.#@####
#.#####.#....# #.#
#.####.# #####.# #.#
#.# ####.....#
#.####.# #.....####
#......# #.....#
#.###### #.....# ###
#.....#


You could see an adder.

Vanquished Creatures
  2 dart slugs
  An orc (D:2)
  5 bats
  A giant cockroach (D:1)
  3 goblins
  4 hobgoblins
  2 jackals (D:1)
  A quokka (D:2)
  3 frilled lizards
  A kobold (D:1)
  2 rats
25 creatures vanquished.

Notes
Turn   | Place    | Note
-------+----------+-------------------------------------------
     0 | D:1      | Alido the Centaur Arcane Marksman began the quest for the
                  | Orb.
     0 | D:1      | Reached XP level 1. HP: 16/16 MP: 2/2
   409 | D:1      | Reached XP level 2. HP: 20/23 MP: 3/3
  1346 | D:2      | Learned a level 2 spell: Slow
  1593 | D:2      | Reached XP level 3. HP: 10/28 MP: 4/4
  1857 | D:2      | Found a faded altar of an unknown god.
  1874 | D:2      | Became a worshipper of Fedhas Madash
  1874 | D:2      | Reached * piety under Fedhas
  1961 | D:1      | Slain by an adder

Skill      XL: |  1  2  3 |
---------------+----------+-----
Hexes          | 3 |  3.2
Bows           | 3 |  3.0
Fighting       | |  1.0
Short Blades   | |  0.5
Maces & Flails | |  0.6
Armour         | |  0.1
Dodging        | |  1.5
Stealth        | |  0.1
Spellcasting   | |  1.0

Action                   || total
-------------------------++-------
Melee: Club              ||    89
       Unarmed           ||     7
       Kick              ||    16
       Dagger            ||    10
 Fire: Shortbow          ||    27
  Use: Potion            ||     1
  Eat: Ration            ||     1
Armor: Robe              ||    11
       Leather armour    ||    52
Dodge: Dodged            ||    77
